 Dungeon Crawl Stone Soup version 0.29.1-12-g30fa7ad0bf (webtiles) character file.

Game seed: 13105560553343752862

3 KittyFluff the Trooper (level 1, 0/14 HPs)
             Began as a Gargoyle Berserker on Dec 22, 2022.
             Was a Follower of Trog.
             Slain by a goblin
             ... wielding a +2 dagger of flaming
              (2 damage)
             ... on level 1 of the Dungeon.
             The game lasted 00:00:43 (115 turns).

KittyFluff the Trooper (Gargoyle Berserker)          Turns: 115, Time: 00:00:45

Health: 0/14       AC:  4    Str: 20    XL:     1   Next: 50%
Magic:  1/1        EV: 11    Int:  7    God:    Trog [*.....]
Gold:   6          SH:  0    Dex:  9    Spells: 0/0 levels left

rFire   . . .      SeeInvis .   a - +0 mace
rCold   . . .      Faith    .   (no shield)
rNeg    + . .      Spirit   .   b - +0 animal skin
rPois   ∞          Reflect  .   (no helmet)
rElec   +          Harm     .   (no cloak)
rCorr   .          Rampage  .   (no gloves)
Will    .....                   (no boots)
Stlth   +.........              (no amulet)
HPRegen 0.04/turn               (no ring)
MPRegen 0.07/turn               (no ring)

@: no status effects
A: sickness immunity, AC +2, negative energy resistance 1, electricity
resistance, torment resistance 1, petrification resistance
a: Renounce Religion, Berserk


You were on level 1 of the Dungeon.
You worshipped Trog.
Trog was aware of your devotion.
You visited 1 branch of the dungeon, and saw 1 of its levels.

You collected 6 gold pieces.

Inventory:

Hand Weapons
 a - a +0 mace (weapon)
Missiles
 d - 6 javelins (quivered)
Armour
 b - a +0 animal skin (worn)
Potions
 c - a potion of curing {unknown}
 e - a potion of resistance {unknown}


   Skills:
 * Level 3.4 Fighting
 + Level 3.0 Maces & Flails
 * Level 2.2 Armour
 + Level 1.5 Dodging


You couldn't memorise any spells.
You didn't know any spells.
Your spell library was empty.

Dungeon Overview and Level Annotations

Branches:
Dungeon (1/15)

Altars:


Innate Abilities, Weirdness & Mutations

You are immune to sickness and miasma.
Your stone body is resilient. (AC +2)
You are immune to poison.
You resist negative energy. (rN+)
You are resistant to electric shocks. (rElec)
You are resistant to unholy torment.
You are immune to petrification.


Message History

a +0 club; a goblin corpse A jackal comes into view.
Found 6 javelins.
An endoplasm comes into view.
You barely miss the jackal. The jackal barely misses you.
The jackal bites you but does no damage.
You hit the jackal.
The jackal is severely wounded.
The jackal completely misses you.
You hit the jackal.
You kill the jackal!
Trog accepts your kill.
You see here 6 javelins.
d - 6 javelins
Found a glowing amethyst potion.
Found a stone staircase leading down.
Found 6 gold pieces.
e - a glowing amethyst potion You now have 6 gold pieces.
There is a stone staircase leading down here.
A jackal comes into view.
Found a bubbling silvery potion.
The jackal barks!
The endoplasm quivers.
A jackal comes into view. x2
A goblin comes into view. It is wielding a +2 dagger of flaming.
The jackal barks! x2; The goblin shouts!
The goblin hits you but does no damage. The goblin attacks as you move away!
The goblin hits you with a +2 dagger of flaming.
The goblin burns you.
You closely miss the goblin. The goblin completely misses you.
You hit the goblin.
The goblin is severely wounded.
The goblin hits you with a +2 dagger of flaming.
The goblin burns you.
The goblin hits you with a +2 dagger of flaming.
* * * LOW HITPOINT WARNING * * *
The goblin burns you.
You die...

#. .#!#. # #. ...... .. ..
..h#.# #.##. #####..h.. ...
...#.hJ#. #.##### #.....h.
#......
####.h####.###+####.....
#...hhg@............##..
#..#######.#..###..##...
#>................###..#
###.#########..#######....
##.....# #..## ##...P
#......# ##.#######P#...♣
#......### #..###P.'.♣#.♣..
#........###†###P♣.#P.#.P♣.
#....###.##.## #P..####....


You could see 3 jackals and a goblin.

Vanquished Creatures
  A goblin (D:1)
  A jackal (D:1)
  A rat (D:1)
3 creatures vanquished.

Notes
Turn   | Place    | Note
-------+----------+-------------------------------------------
     0 | D:1      | KittyFluff the Gargoyle Berserker began the quest for the
                  | Orb.
     0 | D:1      | Reached XP level 1. HP: 14/14 MP: 1/1
   115 | D:1      | Slain by a goblin

Illustrated notes

Levels and vault maps discovered:
D:1:      denvon_arrival_planthouse, layout_basic, serial_shops,
          nicolae_shop_behind_doors

Action                   || total
-------------------------++-------
Melee: Mace              ||     9
Armor: Animal skin       ||     2
Dodge: Dodged            ||     5
